 Dungeon Crawl Stone Soup version 0.26-a0-708-g17f3b190f9 (webtiles) character file.

Game seed: 4357865472393113790

151 IdlyInterested the Conjurer (level 5, -1/28 HPs)
             Began as a Tengu Conjurer on Oct 28, 2020.
             Killed by divine providence
             ... invoked by an orc priest
              (11 damage)
             ... on level 2 of the Dungeon.
             The game lasted 00:07:59 (1751 turns).

IdlyInterested the Conjurer (Tengu Conjurer)        Turns: 1751, Time: 00:08:00

Health: -1/28      AC:  2    Str:  7    XL:     5   Next: 33%
Magic:  2/9        EV: 13    Int: 20    God:
Gold:   108        SH:  0    Dex: 12    Spells: 6/9 levels left

rFire    . . .     SeeInvis .   b - -2 short sword (curse)
rCold    . . .     Faith    .   (no shield)
rNeg     . . .     Spirit   .   a - +0 robe
rPois    .         Reflect  .   (helmet restricted)
rElec    .         Harm     .   (no cloak)
rCorr    .         Rampage  .   (no gloves)
MR       .....                  (boots unavailable)
Stlth    ++........             (no amulet)
HPRegen  0.09/turn              (no ring)
MPRegen  0.11/turn              (no ring)

@: hasted, very quick
A: beak, talons 3, able to fly
a: Fly


You were on level 2 of the Dungeon.
You visited 1 branch of the dungeon, and saw 2 of its levels.

You collected 108 gold pieces.

Inventory:

Hand Weapons
 b - a cursed -2 short sword (weapon)
 c - a +1 vorpal hand axe
 f - a +0 short sword
Missiles
 g - 31 stones (quivered)
Armour
 a - a +0 robe (worn)
Scrolls
 d - 2 scrolls of fear {unknown}
 i - a scroll of remove curse {unknown}
Potions
 h - a potion of cancellation


   Skills:
 + Level 0.2 Fighting
 + Level 1.3 Short Blades
 + Level 0.1 Throwing
 * Level 3.2 Dodging
 + Level 2.4 Stealth
 + Level 2.5 Spellcasting
 * Level 6.9 Conjurations


You had 6 spell levels left.
You knew the following spells:

 Your Spells              Type           Power        Failure   Level
a - Magic Dart            Conj           ####         1%          1
b - Searing Ray           Conj           ####..       1%          2

Your spell library contained the following spells:

 Spells                   Type           Power        Failure   Level
 Dazzling Flash           Conj/Hex       ###...       11%         3
 Fulminant Prism          Conj/Hex       ###.......   34%         4
 Iskenderun's Mystic Bla  Conj/Tloc      ###.....     34%         4


Dungeon Overview and Level Annotations

Branches:
Dungeon (2/15)

Altars:


Innate Abilities, Weirdness & Mutations

You have a beak for a mouth.
You have claws for feet.
You can fly continuously.


Message History

The stone hits the orc but does no damage.
Throwing (i - inventory)
g - 33 stones (quivered)
Press: ? - help, Shift-Dir - straight line, f/p - orc
Aim: an orc, wielding a -3 club and wearing a +0 scale mail You throw a stone.
The stone barely misses the orc.
An orc priest comes into view. It is wielding a +1 flail of draining.
Throwing (i - inventory)
g - 32 stones (quivered)
Press: ? - help, Shift-Dir - straight line, f/p - orc
Aim: an orc, wielding a -3 club and wearing a +0 scale mail You throw a stone.
The stone hits the orc but does no damage.
You feel yourself speed up.
The orc priest looks braver for a moment.
The orc hits you but does no damage.
You closely miss the orc. You barely miss the orc. The orc misses you.
You hit the orc but do no damage.
The orc priest invokes the aid of Beogh against you.
Beogh smites you!
You die...

############
#..........#
#..........#
#..........##########
####..........oo@.....>.
.............(####....##
.........(((..# ...#
....#...##.#...# ..#
........(.......# .#
.........##.....# #
........###..#.)#
..<.....# ####..#
##.....##


.oo You could see an orc priest and an orc.

Vanquished Creatures
  An orc warrior (D:2)
  An adder (D:2)
  3 leopard geckos (D:1)
  2 orcs (D:2)
  3 giant cockroaches
  2 goblins (D:2)
  6 hobgoblins
  8 jackals
  A quokka (D:2)
  A ball python (D:2)
  4 bats
  3 frilled lizards
  6 kobolds
  6 rats
47 creatures vanquished.

Notes
Turn   | Place    | Note
-------+----------+-------------------------------------------
     0 | D:1      | IdlyInterested the Tengu Conjurer began the quest for the
                  | Orb.
     0 | D:1      | Reached XP level 1. HP: 10/10 MP: 4/4
   250 | D:1      | Reached XP level 2. HP: 15/15 MP: 4/6
   549 | D:1      | You fall into a shaft and drop 1 floor!
   779 | D:1      | Learned a level 2 spell: Searing Ray
   857 | D:1      | Reached skill level 6 in Conjurations
  1126 | D:1      | Reached XP level 3. HP: 19/19 MP: 5/7
  1554 | D:2      | Reached XP level 4. HP: 14/24 MP: 1/8
  1729 | D:2      | Noticed an orc warrior
  1744 | D:2      | Killed an orc warrior
  1744 | D:2      | Reached skill level 1 in Short Blades
  1744 | D:2      | Gained mutation: You can fly continuously. [Tengu growth]
  1744 | D:2      | Reached XP level 5. HP: 10/28 MP: 1/9
  1751 | D:2      | Killed from afar by an orc priest

Illustrated notes

Levels and vault maps discovered:
D:1:      minmay_arrival_stone_box, layout_loops_corners
D:2:      layout_rooms, nicolae_overflow_hidden_temple,
          gammafunk_temple_overflow_statue, chequers_ecumenical_altar_lobes

Skill      XL: |  1  2  3  4 |
---------------+-------------+-----
Conjurations   | 6 |  6.9
Short Blades   | 1 |  1.3
Dodging        | 3 |  3.2
Fighting       | |  0.2
Throwing       | |  0.1
Stealth        | |  2.4
Spellcasting   | |  2.5

Action                   |  1- 3 |  4- 6 || total
-------------------------+-------+-------++-------
Melee: Short sword       |    35 |    11 ||    46
       Kick              |    10 |     3 ||    13
       Peck              |     5 |       ||     5
Throw: Stone             |    11 |     5 ||    16
 Cast: Magic Dart        |    59 |     3 ||    62
       Searing Ray       |       |     2 ||     2
  Use: Scroll            |     3 |       ||     3
       Potion            |     1 |     1 ||     2
 Stab: Sleeping          |     4 |       ||     4
Armor: Robe              |    12 |     2 ||    14
Dodge: Dodged            |    43 |    12 ||    55

Table legend: (Time is in decaauts)
 A = Elapsed time spent in this place.
 B = Non-inter-level travel time spent in this place.
 C = Inter-level travel time spent in this place.
 D = Time resting spent in this place.
 E = Time spent auto-exploring this place.
 F = Levels seen in this place.
 G = Mean time per level.
                   A        B        C        D        E       F      G
               +--------+--------+--------+--------+--------+-----+--------+
         Total |   1737 |   1725 |     12 |    512 |    906 |   2 |  868.5 |
       Dungeon |   1737 |   1725 |     12 |    512 |    906 |   2 |  868.5 |
               +--------+--------+--------+--------+--------+-----+--------+

Top non-repeatable levels by time:
     D:1: 1273 daAuts
     D:2: 464 daAuts
